 Dungeon Crawl Stone Soup version 5.7-8-g3a8b389 (webtiles) character file.

0 learn4r the Shield-Bearer (level 5, -3/42 HPs) *CASUAL*
             Began as a Formicid Fighter on Nov 25, 2018.
             Was an Initiate of Ru.
             Slain by a scorpion (4 damage)
             ... on level 3 of the Dungeon on Nov 30, 2018.
             The game lasted 00:03:30 (1257 turns).

learn4r the Shield-Bearer (Formicid Fighter)        Turns: 1257, Time: 00:03:30

Health: -3/42      AC:  8 (28%)Str: 32  XL:     5   Next: 73%
Magic:  7/7        EV: 12    Int: 12    God:    Ru [0*[10]]
Gold:   105        SH: 11    Dex: 10    Spells: 9/9 levels left

rFire    . . .     SeeInvis +   a - +0 war axe
rCold    . . .     Faith    .   c - +0 shield
rNeg     . . .     Spirit   .   b - +0 scale mail
rPois    .         Reflect  .   (helmet unavailable)
rElec    .                      g - +0 cloak
rCorr    .                      (no gloves)
MR       .....                  (no boots)
Stlth    ..........             (no amulet)
Regen    0.2/turn               e - +5 ring of strength
MPRegen  0.2/turn               f - +3 ring of evasion

@: mighty, brilliant, lethally poisoned (-3 -> -9)
A: permanent stasis, dig shafts and tunnels, four strong arms, antennae 3
a: Dig, Shaft Self, Renounce Religion


You were on level 3 of the Dungeon.
You worshipped Ru.
Ru was noncommittal.
You were not hungry.

You visited 1 branch of the dungeon, and saw 3 of its levels.

You collected 105 gold pieces.

Inventory:

Hand Weapons
 a - a +0 war axe (weapon)
Armour
 b - a +0 scale mail (worn)
 c - a +0 shield (worn)
 g - a +0 cloak (worn)
Jewellery
 e - a +5 ring of strength (left hand)
 f - a +3 ring of evasion (right hand)
Scrolls
 i - a scroll of magic mapping
Potions
 h - a potion of cancellation
 j - a potion of invisibility


   Skills:
 + Level 3.9 Fighting
 + Level 3.8 Axes
 + Level 3.8 Armour
 + Level 0.8 Dodging
 + Level 4.7 Shields


You had 9 spell levels left.
You didn't know any spells.
Your spell library was empty.

Dungeon Overview and Level Annotations

Branches:
Dungeon (3/15)

Altars:
Ru
Sif Muna
Yredelemnul


Innate Abilities, Weirdness & Mutations

You are under a permanent stasis effect.
You can dig through walls and to a lower floor.
Your four strong arms can wield two-handed weapons with a shield.
You have a pair of large antennae on your head. (SInv)


Message History

You kill the worker ant!
You hit the scorpion but do no damage.
You feel sick.
The scorpion stings you but does no damage.
You feel sick. The scorpion stings you (6).
* * * LOW HITPOINT WARNING * * *
You closely miss the scorpion.
The scorpion is moderately wounded.
You feel sick.
You are no longer poisoned.
You block the scorpion's attack. The scorpion stings you (4).
* * * LOW HITPOINT WARNING * * *
You are poisoned.
The scorpion poisons you!
You feel very mighty all of a sudden.
You feel clever all of a sudden.
You feel very sick. You block the scorpion's attack.
You slash the scorpion (9)!
The scorpion is almost dead.
You feel sick. The scorpion stings you (4).
You die...

#. ##.## #
##.##...##.#
.........#.#
$..........
#.....#####.####
#............... #
#.#.#.#####.....
###..#.#?#.#####.
##.
#......@.........#
##.....s.........#
###....##.#####..
#..#.##...
#.$..######
......# #...#..#
#####..#


You could see a scorpion.

Vanquished Creatures
  A worker ant (D:3)
  An adder (D:2)
  An ooze (D:2)
  2 dart slugs
  2 quokkas (D:2)
  5 bats
  7 giant cockroaches
  3 goblins
  3 hobgoblins
  2 jackals (D:1)
  3 frilled lizards
  3 kobolds
  3 rats
36 creatures vanquished.

Notes
Turn   | Place    | Note
-------+----------+-------------------------------------------
     0 | D:1      | learn4r the Formicid Fighter began the quest for the Orb.
     0 | D:1      | Reached XP level 1. HP: 18/18 MP: 2/2
    16 | D:1      | Reached XP level 2. HP: 24/24 MP: 3/3
    67 | D:1      | Reached skill level 4 in Shields
    67 | D:1      | Reached XP level 3. HP: 27/29 MP: 4/4
   706 | D:2      | Reached XP level 4. HP: 37/37 MP: 6/6
   841 | D:2      | Found a sacrificial altar of Ru.
   860 | D:2      | Became a worshipper of Ru the Awakened
   968 | D:2      | Found a faded altar of an unknown god.
   998 | D:2      | Reached XP level 5. HP: 42/42 MP: 7/7
  1010 | D:2      | Found a basalt altar of Yredelemnul.
  1150 | D:2      | Found a deep blue altar of Sif Muna.
  1256 | D:3      | HP: 1/42 [poisoned by a scorpion]
  1257 | D:3      | Slain by a scorpion

Skill      XL: |  1  2  3  4 |
---------------+-------------+-----
Shields        | 4 |  4.7
Axes           | 3 |  3.8
Fighting       | |  3.9
Armour         | |  3.8
Dodging        | |  0.8

Action                   |  1- 3 |  4- 6 || total
-------------------------+-------+-------++-------
Melee: War axe           |    55 |    71 ||   126
  Use: Potion            |       |     1 ||     1
Armor: Scale mail        |    21 |    13 ||    34
Dodge: Dodged            |    21 |    30 ||    51
Block: Shield            |    33 |    59 ||    92
